 Dungeon Crawl Stone Soup version 0.29.1-14-g9c671dbff4 (webtiles) character file.

Game seed: 7260186302201185876

60517 KamiKatze the Severer (level 14, -9/129 HPs)
             Began as a Minotaur Berserker on Feb 20, 2023.
             Was a High Priest of Trog.
             Mangled by an orc knight
             ... wielding a +0 battleaxe
              (22 damage)
             ... on level 2 of the Orcish Mines.
             The game lasted 01:33:08 (23147 turns).

KamiKatze the Severer (Minotaur Berserker)         Turns: 23147, Time: 01:33:08

Health: -9/129     AC: 24    Str: 26    XL:     14   Next: 57%
Magic:  13/13      EV: 10    Int:  4    God:    Trog [*****.]
Gold:   3107       SH: 14    Dex:  8    Spells: 13/13 levels left

rFire   + . .      SeeInvis +   a - +2 broad axe (flame)
rCold   . . .      Faith    .   g - +2 kite shield
rNeg    . . .      Spirit   .   p - +2 chain mail {rPois}
rPois   +          Reflect  .   (helmet restricted)
rElec   +          Harm     .   d - +0 cloak
rCorr   +          Rampage  .   m - +2 pair of gloves
Will    +++..                   b - +4 pair of boots of Fashionability {rPois rF+ Regen+ Dex-3}
Stlth   ..........              (no amulet)
HPRegen 2.11/turn               u - ring of resist corrosion
MPRegen 0.13/turn               M - ring "Nashriku" {rElec SInv}

@: strong-willed, regenerating, studying Maces & Flails
A: horns 2, retaliatory headbutt
a: Renounce Religion, Berserk, Trog's Hand, Brothers in Arms


You were on level 2 of the Orcish Mines.
You worshipped Trog.
Trog was extremely pleased with you.
You visited 4 branches of the dungeon, and saw 21 of its levels.
You also visited: Bailey, Gauntlet and Ice Cave.

You collected 3107 gold pieces.

Inventory:

Hand Weapons
 a - a +2 broad axe of flaming (weapon)
 F - a +1 broad axe of flaming
 L - the +7 dagger of Bloody Death {vorpal, Int+4}
   (You found it on level 5 of the Dungeon)

   It inflicts extra damage upon your enemies.
   Int:       It affects your intelligence (+4).
Missiles
 w - 23 poisoned darts (quivered)
 P - 5 throwing nets
Armour
 b - the +4 pair of boots of Fashionability (worn) {rPois rF+ Regen+ Dex-3}
   (You found it in a Gauntlet)

   Dex:       It affects your dexterity (-3).
   rF:        It protects you from fire.
   rPois:     It protects you from poison.
   Regen:     It increases your rate of health regeneration.
 d - a +0 cloak (worn)
 g - a +2 kite shield (worn)
 m - a +2 pair of gloves (worn)
 p - a +2 chain mail of poison resistance (worn)
 A - a +0 plate armour
 R - a +1 pair of boots
Jewellery
 c - a ring of positive energy
 h - a +6 ring of dexterity
 j - a ring of protection from fire
 u - a ring of resist corrosion (left hand)
 G - a ring of poison resistance
 H - a ring of ice
 M - the ring "Nashriku" (right hand) {rElec SInv}
   (You acquired it on level 3 of the Lair of Beasts)

   [ring of see invisible]

   rElec:     It insulates you from electricity.
   SInv:      It lets you see invisible.
Wands
 C - a wand of light (2)
 D - a wand of roots (31)
 I - a wand of charming (8)
 N - a wand of digging (12)
 X - a wand of flame (13)
Scrolls
 i - 5 scrolls of identify
 k - 4 scrolls of blinking
 q - 2 scrolls of poison
 r - 6 scrolls of magic mapping
 v - a scroll of summoning
 x - 2 scrolls of immolation
 E - 2 scrolls of fog
 K - 2 scrolls of enchant armour
 Q - 3 scrolls of enchant weapon
 T - 6 scrolls of teleportation
 Z - a scroll of silence
Potions
 e - 13 potions of curing
 f - 3 potions of attraction
 l - 4 potions of magic
 n - 5 potions of haste
 o - 4 potions of lignification
 s - 2 potions of invisibility
 t - 4 potions of might
 z - 7 potions of flight
 B - 2 potions of heal wounds
 O - a potion of berserk rage
 S - 3 potions of ambrosia
 U - 3 potions of mutation
 W - 3 potions of resistance
Miscellaneous
 y - a condenser vane
 J - a box of beasts


   Skills:
 + Level 13.3 Fighting
 - Level 18.0 Axes
 - Level 2.0 Throwing
 + Level 10.7 Armour
 + Level 9.9 Dodging
 * Level 14.1 Shields
 + Level 6.3 Evocations


You had 13 spell levels left.
You didn't know any spells.
Your spell library was empty.

Dungeon Overview and Level Annotations

Branches:
Dungeon (13/15)            Temple (1/1) D:5            Lair (5/5) D:11
  Swamp (0/4) Lair:3        Snake (0/4) Lair:3        Slime (0/5) Lair:4
    Orc (2/2) D:11            Elf (0/3) Orc:2        Bailey (visited)
  IceCv (visited)         Gauntlet (visited)
 Vaults: D:13-14

Altars:
Ashenzari
Cheibriados
Dithmenos
Elyvilon
Fedhas
Gozag
Hepliaklqana
Kikubaaqudgha
Makhleb
Nemelex Xobeh
Okawaru
Qazlal
Ru
Sif Muna
Trog
Uskayaw
Vehumet
Wu Jian
Xom
Yredelemnul
Zin
The Shining One
Jiyva

Shops:
Orc:1 *   Orc:2 (

Annotations:
D:8 1 runed translucent door, exclusion: door, BabyfaceFinlayson's ghost, journeyman OgFE
Lair:5 1 exclusion


Innate Abilities, Weirdness & Mutations

You have a pair of horns on your head.
You reflexively headbutt those who attack you in melee.


Message History

You hit the orc warrior but do no damage.
Unknown command.
You slice the orc sorcerer!! You burn the orc sorcerer.
You kill the orc sorcerer!
Trog accepts your kill.
Trog appreciates your killing of a magic user.
The sixfirhy disappears in a puff of smoke!
You slash the orc warrior! You burn the orc warrior. You hit the orc wizard.
You burn the orc wizard.
The orc warrior hits you from afar with a +0 trident!
You block the orc wizard's attack. The orc warrior misses you.
The orc warrior hits you with a +0 flail!!
* * * LOW HITPOINT WARNING * * *
You block the orc warrior's attack.
You barely miss the orc wizard.
You headbutt the orc wizard, but do no damage.
The orc wizard is heavily wounded.
You hit the orc knight. You burn the orc knight.
You closely miss the orc warrior.
The orc warrior hits you from afar with a +0 trident!!
* * * LOW HITPOINT WARNING * * *
The orc wizard hits you but does no damage.
The orc warrior hits you from afar with a +0 trident!
* * * LOW HITPOINT WARNING * * *
The orc knight hits you with a +2 war axe!
* * * LOW HITPOINT WARNING * * *
The orc warrior unwields a +0 short sword.
The orc warrior wields a +0 arbalest.
The orc warrior shoots a bolt.
You block the bolt. You block the orc warrior's attack.
Unknown command.
You feel much better.
The orc warrior no longer looks unusually strong.
The orc warrior hits you from afar with a +0 trident!
* * * LOW HITPOINT WARNING * * *
You block the orc warrior's attack.
The orc warrior hits you with a +0 flail.
* * * LOW HITPOINT WARNING * * *
You block the orc knight's attack. You block the orc warrior's attack.
The orc knight hits you with a +0 battleaxe!!
You die...

.............
#............ ..
............
........###...........
.........#......o.....
........#......o.....
.$.......P.ooooo....
##........oo@8o.....
#...........).oP.P..
#.....P...∩.......
###...............#
##.#.........P....##
#............P.....#
#......#.P.P..P.....
###..................
##.....###.))......##


You could see 2 orc knights, 5 orc warriors, an orc wizard (strong, invisible)
and 3 orcs.

Vanquished Creatures
  A shadow dragon (D:12)
  A minotaur (Gauntlet)
  5 hydras
  Fannar (Lair:2)
  Harold (D:11)
  A boulder beetle (D:12)
  The ghost of ymhsbmbesitwf the Geomancer, a journeyman DrEE of Sif Muna (D:11)
  A catoblepas (Lair:5)
  6 two-headed ogres
  A centaur warrior (D:13)
  A death yak (D:11)
  A tengu warrior (D:12)
  An orc high priest (Orc:2)
  Lodul (D:11)
  An orc knight (Orc:1)
  2 deep elf pyromancers
  3 ugly things
  3 cyclopes
  2 orc sorcerers
  A manticore (D:11)
  11 elephants
  3 ice statues (IceCv)
  4 black mambas
  2 torpor snails
  A molten gargoyle (Lair:5)
  10 cane toads
  A gargoyle (D:10)
  An unseen horror (D:12)
  A kobold demonologist (D:13)
  A freezing wraith (D:11)
  7 komodo dragons
  3 rime drakes
  Psyche (D:9)
  A tengu conjurer (D:12)
  3 polar bears
  4 trolls
  Prince Ribbit (D:8)
  15 slime creatures
  15 blink frogs
  14 dream sheep
  2 raiju (Gauntlet)
  2 vampires
  The ghost of ripuliukko the Digger, an amateur GrEE (D:3)
  3 shadows
  2 wyverns
  12 yaks
  2 wraiths
  6 basilisks
  4 vampire mosquitoes (D:12)
  A warg (Orc:2)
  A harpy simulacrum (IceCv)
  2 hydra simulacra (IceCv)
  2 acid dragons (D:10)
  11 water moccasins
  Duvessa (D:5)
  A swamp drake (D:11)
  2 ice beasts
  A sky beast (D:7)
  12 orc warriors
  4 black bears
  44 wolves
  13 ogres
  5 centaurs
  A phantom (D:3)
  4 kobold brigands
  5 gnoll sergeants
  10 bullfrogs
  4 scorpions
  A cane toad simulacrum (IceCv)
  Dowan (D:5)
  2 elephant simulacra (IceCv)
  5 killer bees (D:8)
  6 electric eels
  A howler monkey (D:7)
  A jelly (D:7)
  7 gnoll boudas
  4 hounds
  14 orc priests
  4 hell rats (Lair:3)
  5 iguanas
  13 orc wizards
  2 lightning spires (Gauntlet)
  A polar bear simulacrum (IceCv)
  3 wolf simulacra (IceCv)
  22 gnolls
  7 adders
  14 white imps
  2 ufetubi
  2 worms
  4 dart slugs
  52 orcs
  3 endoplasms
  4 giant cockroaches
  14 hobgoblins
  A jackal (D:1)
  5 quokkas
  4 ball pythons
  3 bats
  2 frilled lizards
  14 goblins
  9 kobolds
  3 rats
  A spectral goblin (D:5)
528 creatures vanquished.

Vanquished Creatures (others)
  A water elemental (D:12)
  31 fungi
  32 plants
64 creatures vanquished.

Grand Total: 592 creatures vanquished

Notes
Turn   | Place    | Note
-------+----------+-------------------------------------------
     0 | D:1      | KamiKatze the Minotaur Berserker began the quest for the
                  | Orb.
     0 | D:1      | Reached XP level 1. HP: 19/19 MP: 0/0
   239 | D:1      | Reached XP level 2. HP: 22/27 MP: 1/1
   266 | D:1      | Reached skill level 4 in Axes
  1050 | D:2      | Reached XP level 3. HP: 33/33 MP: 2/2
  1135 | D:2      | Found a faded altar of an unknown god.
  1613 | D:2      | Reached XP level 4. HP: 39/40 MP: 3/3
  1745 | D:3      | Found a runed translucent door.
  1746 | D:3      | Noticed ripuliukko's ghost (amateur GrEE)
  1783 | D:3      | Reached skill level 5 in Axes
  1786 | D:3      | Reached skill level 1 in Shields
  1825 | D:3      | Found a snail-covered altar of Cheibriados.
  1873 | D:3      | Reached XP level 5. HP: 47/47 MP: 4/4
  1931 | D:3      | Found a radiant altar of Vehumet.
  1963 | D:3      | Reached ** piety under Trog
  2209 | D:4      | Noticed a water moccasin
  2223 | D:4      | Killed a water moccasin
  2224 | D:4      | Reached skill level 5 in Fighting
  2224 | D:4      | Reached skill level 6 in Axes
  2224 | D:4      | Reached XP level 6. HP: 56/56 MP: 5/5
  2262 | D:4      | Noticed an orc warrior
  2314 | D:4      | Killed an orc warrior
  2318 | D:4      | Reached skill level 7 in Axes
  2421 | D:4      | Found a shimmering altar of Xom.
  2466 | D:4      | Reached XP level 7. HP: 45/61 MP: 6/6
  2908 | D:4      | Found a burning altar of Makhleb.
  3399 | D:5      | Entered Level 5 of the Dungeon
  3470 | D:5      | Noticed Dowan
  3471 | D:5      | Noticed Duvessa
  3512 | D:5      | Killed Dowan
  3737 | D:5      | Killed Duvessa
  3738 | D:5      | Reached skill level 8 in Axes
  3876 | D:5      | Identified the +1 robe of Wrong Decisions {*Corrode rElec
                  | rN+++ Dex-5}
  4155 | D:5      | Reached skill level 1 in Throwing
  4155 | D:5      | Reached XP level 8. HP: 68/71 MP: 7/7
  4184 | D:5      | Reached skill level 1 in Evocations
  4202 | D:5      | Found a staircase to the Ecumenical Temple.
  4216 | Temple   | Entered the Ecumenical Temple
  4391 | D:5      | Identified the +7 dagger of Bloody Death {vorpal, Int+4}
  4494 | D:5      | Found a hazy altar of Hepliaklqana.
  4581 | D:5      | Reached skill level 9 in Axes
  4581 | D:5      | Found a sparkling altar of Nemelex Xobeh.
  4962 | D:6      | Found an ornate altar of the Wu Jian Council.
  4962 | D:6      | Found a basalt altar of Yredelemnul.
  5191 | D:6      | Found a hide-covered altar of Uskayaw.
  5598 | D:7      | Reached *** piety under Trog
  5743 | D:7      | Reached skill level 10 in Axes
  6087 | D:7      | Reached XP level 9. HP: 76/81 MP: 8/8
  6540 | D:8      | Found a flagged portal.
  6549 | D:8      | Noticed a two-headed ogre
  6558 | D:8      | Killed a two-headed ogre
  6559 | D:8      | Reached skill level 11 in Axes
  6600 | Bailey   | Entered a bailey
  6834 | Bailey   | Reached skill level 12 in Axes
  7645 | Bailey   | HP: 4/83 [wolf (6)]
  7839 | D:8      | Noticed BabyfaceFinlayson's ghost (journeyman OgFE)
  7842 | D:8      | Found a runed translucent door.
  7842 | D:8      | Found an iron altar of Okawaru.
  7906 | D:8      | Noticed Prince Ribbit
  7913 | D:8      | Killed Prince Ribbit
  7916 | D:8      | Reached XP level 10. HP: 18/91 MP: 9/9
  8433 | D:8      | Reached skill level 5 in Shields
  8586 | D:8      | Found a bloodstained altar of Trog.
  8587 | D:8      | Found a glowing silver altar of Zin.
  8818 | D:9      | Reached skill level 13 in Axes
  8915 | D:9      | Noticed Psyche
  8925 | D:9      | Killed Psyche
  8949 | D:9      | Reached skill level 5 in Armour
  9362 | D:9      | Identified the +10 short sword of Nemelex Xobeh's Wrath
                  | {vorpal, rElec rC- Int+6 Dex-3}
  9603 | D:10     | Entered Level 10 of the Dungeon
  9636 | D:10     | Found a sacrificial altar of Ru.
  9741 | D:10     | Reached skill level 5 in Dodging
  9958 | D:9      | Reached **** piety under Trog
  9990 | D:10     | Reached skill level 10 in Fighting
 10046 | D:10     | Noticed a gargoyle
 10088 | D:10     | Killed a gargoyle
 10757 | D:11     | Noticed a manticore
 10758 | D:11     | Noticed a two-headed ogre
 10768 | D:11     | Killed a manticore
 10769 | D:11     | Reached XP level 11. HP: 62/100 MP: 10/10
 10773 | D:11     | Killed a two-headed ogre
 10774 | D:11     | Reached skill level 14 in Axes
 11072 | D:11     | Found a runed translucent gate.
 11072 | D:11     | Found a runed translucent gate.
 11072 | D:11     | Found a runed translucent gate.
 11073 | D:11     | Noticed ymhsbmbesitwf's ghost (journeyman DrEE)
 11322 | D:11     | Noticed Lodul
 11333 | D:11     | Killed Lodul
 11781 | D:11     | Found a staircase to the Orcish Mines.
 11909 | D:11     | HP: 1/101 [large slime creature (13)]
 11993 | D:10     | Identified 2 scrolls of acquirement
 11993 | D:10     | Acquired 1142 gold pieces
 11995 | D:10     | Acquired a +1 broad axe of flaming
 12298 | D:11     | Found a staircase to the Lair.
 12357 | D:11     | Noticed Harold
 12376 | D:11     | Killed Harold
 13455 | Lair:1   | Entered Level 1 of the Lair of Beasts
 13664 | Lair:1   | Identified the +8 tower shield "Mevvav" {Drain rF+++ Will-
                  | SInv}
 13673 | Lair:1   | Reached skill level 15 in Axes
 13685 | Lair:1   | Found a frozen archway.
 13711 | IceCv    | Entered an ice cave
 13747 | IceCv    | Noticed a white ugly thing
 13764 | IceCv    | Killed a white ugly thing
 14148 | IceCv    | Noticed a white ugly thing
 14154 | IceCv    | Reached XP level 12. HP: 92/110 MP: 11/11
 14995 | Lair:1   | Reached skill level 10 in Shields
 15267 | Lair:2   | Noticed Fannar
 15285 | Lair:2   | Killed Fannar
 15875 | Lair:2   | Noticed a six-headed hydra
 15883 | Lair:2   | Killed a two-headed hydra
 16450 | Lair:3   | Reached ***** piety under Trog
 16458 | Lair:3   | Reached skill level 16 in Axes
 16599 | Lair:3   | Found a staircase to the Swamp.
 16825 | Lair:3   | Acquired the ring "Nashriku" {rElec SInv}
 16986 | Lair:3   | Acquired a +2 broad axe of venom
 17080 | Lair:3   | Found a staircase to the Snake Pit.
 17174 | Lair:3   | Reached XP level 13. HP: 117/118 MP: 12/12
 17438 | Lair:4   | Found a viscous altar of Jiyva.
 17439 | Lair:4   | Found a staircase to the Slime Pits.
 18390 | Lair:5   | Entered Level 5 of the Lair of Beasts
 18755 | Lair:5   | Reached skill level 5 in Evocations
 18886 | Lair:5   | Received a gift from Trog
 19076 | Lair:5   | Reached skill level 17 in Axes
 19130 | Lair:5   | Identified the +1 robe of the Alphagorgon {Dex+6}
 20108 | D:3      | Killed ripuliukko's ghost
 20379 | D:11     | Killed ymhsbmbesitwf's ghost
 20470 | D:12     | Found a gate leading to a gauntlet.
 20542 | Gauntlet | Entered a Gauntlet
 20542 | Gauntlet | Found a large runed translucent door.
 20542 | Gauntlet | Found a large runed translucent door.
 20542 | Gauntlet | Found a large runed translucent door.
 20542 | Gauntlet | Found a large runed translucent door.
 20542 | Gauntlet | Found a large runed translucent door.
 20542 | Gauntlet | Found a large runed translucent door.
 20542 | Gauntlet | Found a large runed translucent door.
 20542 | Gauntlet | Found a large runed translucent door.
 20542 | Gauntlet | Found a runed translucent door.
 20542 | Gauntlet | Found a runed translucent gate.
 20542 | Gauntlet | Found a transporter.
 20542 | Gauntlet | Found a transporter.
 20542 | Gauntlet | Found a runed translucent gate.
 20542 | Gauntlet | Found a transporter.
 20543 | Gauntlet | Found a runed translucent door.
 20543 | Gauntlet | Found a runed translucent gate.
 20545 | Gauntlet | Found a large runed translucent door.
 20545 | Gauntlet | Found a large runed translucent door.
 20545 | Gauntlet | Found a large runed translucent door.
 20545 | Gauntlet | Found a large runed translucent door.
 20546 | Gauntlet | Found a large runed translucent door.
 20546 | Gauntlet | Found a large runed translucent door.
 20547 | Gauntlet | Found a large runed translucent door.
 20547 | Gauntlet | Found a large runed translucent door.
 20551 | Gauntlet | Found a transporter.
 20571 | Gauntlet | Found a transporter.
 20585 | Gauntlet | Found a transporter.
 20600 | Gauntlet | Found a transporter.
 20614 | Gauntlet | Found a transporter.
 20622 | Gauntlet | Found a transporter.
 20676 | Gauntlet | Found a transporter.
 20676 | Gauntlet | Found a transporter.
 20691 | Gauntlet | Found a transporter.
 20871 | Gauntlet | Reached skill level 10 in Armour
 20886 | Gauntlet | Identified the +4 pair of boots of Fashionability {rPois
                  | rF+ Regen+ Dex-3}
 21148 | Gauntlet | Noticed a minotaur
 21162 | Gauntlet | Killed a minotaur
 21163 | Gauntlet | Reached XP level 14. HP: 127/127 MP: 13/13
 21464 | D:12     | Identified the +5 longbow of Januumua {freeze, rPois rN+
                  | Int+4}
 22153 | D:12     | Noticed a shadow dragon
 22170 | D:12     | Killed a shadow dragon
 22520 | D:13     | HP: 3/129 [titanic slime creature (76)]
 22720 | D:11     | Received a gift from Trog
 22741 | Orc:1    | Entered Level 1 of the Orcish Mines
 22757 | Orc:1    | Reached skill level 18 in Axes
 22767 | Orc:1    | Found Tykhlaukh's Assorted Antiques.
 22781 | Orc:1    | Paralysed by an orc sorcerer for 5 turns
 23020 | Orc:2    | Entered Level 2 of the Orcish Mines
 23020 | Orc:2    | Found Jeimeiff's Antique Weapon Emporium.
 23088 | Orc:2    | Found a staircase to the Elven Halls.
 23147 | Orc:2    | Mangled by an orc knight

Illustrated notes

Levels and vault maps discovered:
D:1:      lightli_molten_gateway, layout_basic, serial_corexii_hall,
          corexii_hall_statues_x, corexii_hall_statues_u,
          corexii_hall_statues_i, corexii_hall_statues_x, minmay_pentomino_o4
D:2:      layout_basic, ebering_ecumenical_altar_rust, minmay_split_cup_small
D:3:      layout_rooms, chei_slow_surprise, nicolae_vehumet_radiance,
          serial_forest, infiniplex_forest_clump_small,
          infiniplex_forest_lined_ring, infiniplex_forest_end_double,
          infiniplex_forest_straight_3, infiniplex_forest_straight_3,
          gammafunk_ghost_grave
D:4:      layout_basic, mainiacjoe_overflow_paths, makhleb_heckhound_becter,
          minmay_puff
D:5:      layout_loops_corners, nicolae_hepliaklqana_monster_ancestors,
          nemelex_xobeh_ov_fountains_minmay, minmay_temple_entry_offerings,
          chequers_serial_rivers_micro_e, uniq_duvessa
D:6:      layout_cave_pools, mainiacjoe_overflow_chevrons,
          mainiacjoe_overflow_large_starburst
D:7:      layout_basic
D:8:      layout_basic, okawaru_metal_pillars_3, grunt_temple_overflow_open,
          hellmonk_ghost_happy_afterlife, enter_bailey_5, nicolae_titane,
          uniq_prince_ribbit1
D:9:      layout_irregular_city, dreamdust_gnoll_shepherd, uniq_psyche
D:10:     layout_basic, kennysheep_mini_moat
D:11:     layout_loops_ring, david_lair_generic, erik_orc_1,
          gammafunk_ghost_spectres, chequers_serial_rivers_room_b, uniq_harold,
          uniq_lodul
D:12:     kennysheep_scales, layout_long_grid, gauntlet_entry_generic
D:13:     layout_rooms, hangedman_vaults_entry_quadrant_bands, uniq_snorg,
          uniq_rupert
Temple:   chequers_temple_sunken
Lair:1:   layout_regular_city, portal_ice_cave_entry_imps
Lair:2:   layout_gridlike, grunt_forest_small_clearing_treed,
          infiniplex_staircase_pool_2, uniq_fannar
Lair:3:   layout_cave_shapes, swamp_mist, dummy_snake_entry,
          serial_bayou_pond_d, grunt_forest_large_clearings
Lair:4:   layout_concentric_octagons, slime_entry_1, serial_bayou,
          serial_bayou_ford_a, serial_bayou_pond_d, serial_bayou_crossing,
          serial_bayou_shore_a
Lair:5:   cheibrodos_lair_end_hotspot, layout_cave_pods
Orc:1:    layout_caves, serial_shops, shop
Orc:2:    grunt_orc_gardens, layout_diamond_mine, grunt_orc_garden,
          grunt_orc_garden, grunt_orc_garden, grunt_orc_garden, basic_altar,
          serial_shops, shop

Skill      XL: |  1  2  3  4  5  6  7  8  9 10 11 12 13 14 |
---------------+-------------------------------------------+-----
Axes           | 4 5 6 7 8 10 12 13 15 16 17 18 | 18.0
Fighting       | 4 5 6 7 9 10 11 12 13 | 13.3
Armour         | 3 4 6 7 8 10 | 10.7
Dodging        | 3 5 7 8 9 |  9.9
Shields        | 1 2 3 4 7 9 11 13 14 | 14.1
Throwing       | 1 2 |  2.0
Evocations     | 3 4 5 6 |  6.3

Action                   |  1- 3 |  4- 6 |  7- 9 | 10-12 | 13-15 || total
-------------------------+-------+-------+-------+-------+-------++-------
Melee: Hand axe          |    74 |    68 |   195 |       |       ||   337
       Headbutt          |    18 |    10 |    70 |   146 |   113 ||   357
       War axe           |       |       |   108 |   264 |       ||   372
       Broad axe         |       |       |       |   377 |   503 ||   880
       Short sword       |       |       |       |    27 |       ||    27
Throw: Stone             |     5 |       |       |       |       ||     5
       Dart              |       |       |    11 |    22 |       ||    33
Invok: Berserk           |     2 |     3 |    13 |    13 |     5 ||    36
       Trog's Hand       |       |     1 |     2 |     8 |     2 ||    13
Evoke: Wand              |       |       |       |     1 |     1 ||     2
  Use: Scroll            |       |       |    11 |    23 |     4 ||    38
       Potion            |       |       |     2 |     1 |     1 ||     4
 Stab: Invisible         |       |       |       |     7 |     2 ||     9
Armor: Animal skin       |     3 |       |       |       |       ||     3
       Ring mail         |     6 |    16 |    47 |       |       ||    69
       Leather armour    |     6 |       |       |       |       ||     6
       Scale mail        |       |       |    16 |    68 |       ||    84
       Chain mail        |       |       |     4 |   125 |   145 ||   274
       Plate armour      |       |       |       |       |    15 ||    15
       Skin              |       |       |       |       |     3 ||     3
Dodge: Dodged            |    34 |    25 |   154 |   236 |   153 ||   602
Block: Buckler           |       |     9 |    46 |    32 |       ||    87
       Kite shield       |       |       |       |   247 |   329 ||   576
